 Dungeon Crawl Stone Soup version 0.31-a0-267-g3fc6992b3b (webtiles) character file.

Game seed: 8761487207097479861

72 qw the Shooter (level 4, 0/26 HPs)
             Began as a Gargoyle Hexslinger on July 14, 2023.
             Slain by an orc wizard
             ... wielding a +0 dagger
              (1 damage)
             ... on level 3 of the Dungeon.
             The game lasted 00:00:22 (1312 turns).

qw the Shooter (Gargoyle Hexslinger)                Turns: 1312, Time: 00:00:23

Health: 0/26       AC:  5    Str: 12    XL:     4   Next: 25%
Magic:  5/5        EV: 12    Int: 13    God:
Gold:   109        SH:  0    Dex: 14    Spells: 4/5 levels left

rFire   . . .        Y - +2 sling
rCold   . . .        (no shield)
rNeg    + . .        c - +0 robe
rPois   inf          (no helmet)
rElec   +            (no cloak)
rCorr   .            (no gloves)
SInv    .            (no boots)
Will    .....        (no amulet)
Stlth   +            (no ring)
HPRegen 0.24/turn    (no ring)
MPRegen 0.09/turn

%: no passive effects
@: confused
A: sickness immunity, AC +3, negative energy resistance 1, electricity
resistance, torment resistance 1, petrification resistance
a: no special abilities


You were on level 3 of the Dungeon.
You visited 1 branch of the dungeon, and saw 3 of its levels.

You collected 109 gold pieces.


Innate Abilities, Weirdness & Mutations

You are immune to sickness and miasma.
Your stone body is resilient. (AC +3)
You are immune to poison.
You resist negative energy. (rN+)
You are resistant to electric shocks. (rElec)
You are resistant to unholy torment.
You are immune to petrification.


   Skills:
 - Level 2.0 Fighting
 + Level 4.0 Ranged Weapons
 - Level 1.5 Dodging
 - Level 1.0 Spellcasting
 - Level 2.6 Hexes


You had 4 spell levels left.
You knew the following spells:

 Your Spells              Type           Power      Damage    Failure   Level
a - Slow                  Hex            28%        N/A       10%         1

Your spell library contained the following spells:

 Spells                   Type           Power      Damage    Failure   Level
 Inner Flame              Hex/Fire       4%         N/A       43%         3
 Portal Projectile        Hex/Tloc       8%         N/A       43%         3
 Cause Fear               Hex            3%         N/A       67%         4

Inventory:

Hand Weapons
 Y - a +2 sling (weapon)
Armour
 c - a +0 robe (worn)
 g - a +0 leather armour
Potions
 a - a potion of brilliance {unknown}
 b - 2 potions of haste {unknown}
 d - a potion of curing
 e - a potion of lignification {unknown}
 f - a potion of enlightenment {unknown}

Dungeon Overview and Level Annotations

Branches:
Dungeon (3/15)

Altars:


Message History

The orc priest invokes the aid of Beogh against you.
Beogh smites you!
Ouch! That really hurt!
Something hits you.
You shoot a sling bullet. The sling bullet hits the orc priest.
You kill the orc priest!
Something hits you but does no damage.
Your Ranged Weapons skill increases to level 4!
You have reached level 4!
You feel stronger.
You shoot a sling bullet. Something hits you but does no damage.
You shoot a sling bullet. Something hits you but does no damage.
You shoot a sling bullet. Something hits you.
You hear some strange, mumbled words.
You are confused.
You shoot a sling bullet. Something hits you.
You shoot a sling bullet. Something hits you.
You shoot a sling bullet. Something hits you but does no damage.
You shoot a sling bullet. Something hits you but does no damage.
You shoot a sling bullet. Something hits you but does no damage.
Something hits you.
You shoot a sling bullet.
You feel less confused. Something hits you.
You shoot a sling bullet. Something hits you but does no damage.
You shoot a sling bullet.
You hear some strange, mumbled words.
You are confused.
You shoot a sling bullet. Something hits you.
You shoot a sling bullet. Something hits you.
You die...

#.........#.#
..#.....#+##.#
#........%.#
#........$.#
#..........##
#............
.##.........##
........)....#
.####....@...#
#....{)).#
#......$.+
#......!.#
#######)...
..... ....##
....#


There were no monsters in sight!

Vanquished Creatures
  An orc priest (D:3)
  2 adders (D:2)
  A dart slug (D:2)
  3 orcs (D:3)
  3 endoplasms (D:1)
  A giant cockroach (D:2)
  A goblin (D:3)
  2 kobolds
  2 ball pythons
  3 bats (D:1)
  3 rats (D:2)
22 creatures vanquished.

Notes
Turn   | Place    | Note
-------+----------+-------------------------------------------
     0 | D:1      | qw the Gargoyle Hexslinger began the quest for the Orb.
     0 | D:1      | Reached XP level 1. HP: 12/12 MP: 2/2
     0 | D:1      | 0 ||| qw: Version: 0.3-a-52-g30416fa
     0 | D:1      | 0 ||| qw: Game counter: 7792
     0 | D:1      | 0 ||| qw: Melee chars always use a shield: true
     0 | D:1      | 0 ||| qw: God list: Okawaru
     0 | D:1      | 0 ||| qw: Allow faded altars: false
     0 | D:1      | 0 ||| qw: Do Orc after clearing Dungeon:15 true
     0 | D:1      | 0 ||| qw: Do second Lair branch before Depths: true
     0 | D:1      | 0 ||| qw: Lair rune preference: random
     0 | D:1      | 0 ||| qw: Goals: Normal
     0 | D:1      | 0 ||| PLANNING D:1-11
   198 | D:1      | Found a faded altar of an unknown god.
   601 | D:1      | Reached XP level 2. HP: 16/16 MP: 3/3
   661 | D:1      | 661 ||| READING scroll labelled DECE WECREXU.
   662 | D:1      | 662 ||| READING scroll labelled XOTUNU FAOGE.
   663 | D:1      | 663 ||| READING scroll labelled MOAWOXZA QUTIE.
   664 | D:1      | 664 ||| READING scroll labelled PUSUM EMUJAN.
   665 | D:1      | 665 ||| DROPPING scroll of poison.
   873 | D:2      | Reached skill level 3 in Ranged Weapons
  1176 | D:2      | Reached XP level 3. HP: 18/21 MP: 4/4
  1255 | D:2      | 1255 ||| DRINKING 2 brown potions.
  1300 | D:3      | Reached skill level 4 in Ranged Weapons
  1300 | D:3      | Reached XP level 4. HP: 12/26 MP: 5/5
  1304 | D:3      | HP: 6/26 [something (2)]
  1311 | D:3      | HP: 1/26 [something (3)]
  1312 | D:3      | Slain by an orc wizard

Levels and vault maps discovered:
D:1:      lightli_arrival_statue_moat, layout_basic,
          ebering_ecumenical_altar_rust
D:2:      layout_loops_ring
D:3:      layout_basic, slow_altar_2, serial_glass, glass_columns_b,
          glass_columns_c

Skill      XL: |  1  2  3 |
---------------+----------+-----
Ranged Weapons | 3 4 |  4.0
Fighting       | 2 |  2.0
Dodging        | |  1.5
Spellcasting   | |  1.0
Hexes          | |  2.6

Action                     |  1- 3 |  4- 6 || total
---------------------------+-------+-------++-------
   Fire: Sling             |    71 |    13 ||    84
    Use: Scroll            |     4 |       ||     4
         Potion            |     1 |       ||     1
 Armour: Robe              |    12 |     6 ||    18
  Dodge: Dodged            |    21 |       ||    21

Table legend:
 A = Non-vault XP
 B = Vault XP
 C = Vault XP percentage of total XP
 D = Non-vault monster count
 E = Vault monster count
 F = Vault count percentage of total count
                 A         B        C        D         E       F
            +---------+---------+-------+---------+---------+-------
      Total |     103 |       0 |   0.0 |      22 |       0 |   0.0
            +---------+---------+-------+---------+---------+-------
        D:1 |      12 |       0 |   0.0 |       8 |       0 |   0.0
        D:2 |      37 |       0 |   0.0 |       8 |       0 |   0.0
        D:3 |      54 |       0 |   0.0 |       6 |       0 |   0.0
            +---------+---------+-------+---------+---------+-------
